 Dungeon Sprint DCSS version 0.28.0-53-g5a82cb258f (webtiles) character file.

Game seed: 16077676486755187364

17406 Zeld the Severer (level 12, -30/133 HPs)
             Began as a Minotaur Berserker on June 12, 2022.
             Was the Champion of Trog.
             Killed from afar by Lom Lobon (42 damage)
             ... with a great icy blast
             ... in the Dungeon (Sprint I: "Red Sonja").
             The game lasted 00:08:18 (5907 turns).

Zeld the Severer (Minotaur Berserker)               Turns: 5907, Time: 00:08:19

Health: -30/133    AC: 25    Str: 29    XL:     12   Next: 18%
Magic:  11/11      EV: 12    Int:  4    God:    Trog [******]
Gold:   3120       SH:  0    Dex:  9    Spells: 11/11 levels left

rFire   . . .      SeeInvis +   a - +4 battleaxe (flame)
rCold   . . .      Faith    .   (shield currently unavailable)
rNeg    . . .      Spirit   .   r - +9 plate armour "Emiucal" {Harm *Corrode Str+4 Dex-3}
rPois   +          Reflect  .   (helmet restricted)
rElec   .          Harm     +   (no cloak)
rCorr   .          Rampage  .   (no gloves)
Will    .....      NoTele   +   (no boots)
Stlth   ..........              (no amulet)
HPRegen 0.32/turn               k - ring of see invisible
MPRegen 0.12/turn               m - ring of poison resistance

@: no status effects
A: horns 2, retaliatory headbutt
a: Renounce Religion, Berserk, Trog's Hand, Brothers in Arms


You were in the Dungeon.
You worshipped Trog.
Trog was exalted by your worship.
You visited 1 branch You collected 5316 gold pieces.
You spent 2196 gold pieces at shops.

Inventory:

Hand Weapons
 a - a +4 battleaxe of flaming (weapon)
Armour
 r - the +9 plate armour "Emiucal" (worn) {Harm *Corrode Str+4 Dex-3}
   (You bought it in a shop in the Dungeon)

   Str:       It affects your strength (+4).
   Dex:       It affects your dexterity (-3).
   *Corrode:  It may corrode you when you take damage.
   Harm:      It increases damage dealt and taken.
 t - a +0 pair of boots of stealth
 u - a +0 cloak of willpower
Jewellery
 k - a ring of see invisible (left hand)
 m - a ring of poison resistance (right hand)
Wands
 h - a wand of polymorph (4)
 i - a wand of paralysis (7)
Scrolls
 n - 2 scrolls of fear
 o - a scroll of enchant armour {unknown}
 p - a scroll of magic mapping {unknown}
 q - a scroll of amnesia {unknown}
 s - 3 scrolls of blinking
 w - a scroll of silence
 x - a scroll of immolation {unknown}
Potions
 b - 2 potions of invisibility
 c - 7 potions of curing
 d - 2 potions of heal wounds
 e - 2 potions of haste
 f - 2 potions of magic
 g - a potion of berserk rage
 j - 2 potions of lignification
Miscellaneous
 l - a condenser vane


   Skills:
 * Level 20.2 Fighting
 * Level 20.2 Axes
 + Level 14.7 Armour
 + Level 13.6 Dodging
 + Level 10.9 Evocations


You had 11 spell levels left.
You didn't know any spells.
Your spell library was empty.

Dungeon Overview and Level Annotations

Branches:
Dungeon (1/1)

Altars:
Cheibriados
Dithmenos
Elyvilon
Fedhas
Gozag
Hepliaklqana
Kikubaaqudgha
Makhleb
Nemelex Xobeh
Okawaru
Qazlal
Ru
Sif Muna
Trog
Uskayaw
Vehumet
Wu Jian
Xom
Yredelemnul
Zin
The Shining One
Jiyva
Lugonu

Shops:
D ([*[[*:*([?[![:[(

Annotations:
D Lom Lobon


Innate Abilities, Weirdness & Mutations

You have a pair of horns on your head.
You reflexively headbutt those who attack you in melee.


Message History

You struggle against the net.
Lom Lobon gestures.
A ball lightning comes into view.
You tear a large gash into the net.
You rip the net and break free!
A ball lightning comes into view.
Lom Lobon gestures.
Lom Lobon blinks!
The ball lightning moves out of view.
Really walk into that net trap?
Okay, then.
Really walk into that net trap?
You become entangled in the net!
There is a net trap here.
You see here a throwing net.
You struggle against the net.
You hear a clap of thunder!
The blast of lightning engulfs you!!!
You struggle against the net.
Unknown command.
You struggle against the net.
You hear a clap of thunder!
The blast of lightning engulfs you!!
Unknown command.
You shred the net and break free!
You hear a clap of thunder!
The blast of lightning engulfs you!!!
* * * LOW HITPOINT WARNING * * *
Something screams, "Give up, thou worthless shard-borne clack-dish!"
Unknown command.
Unknown command.
There is an open door here.
Unknown command.
Unknown command.
You close the door.
Okay, then.
Something unseen opens the door.
Lom Lobon gestures at you.
Lom Lobon conjures a mighty blast of ice!
The great icy blast engulfs you!!
You die...

#################################
#.§§§§§.....'..#..§.§.§#.).......
#.####§§§§§##..'..#§§§§##.:......
#§#!###§..#######)#§§...#####....
[.#'#.###'# ($##.)#....§# #....
###...#y#.##$$$#.)##.§§.# #....
.○#...###..###$#.)≈###+## #....
.○'.....##.#A#$#..≈.:# #..°.
.○#.....#..###$#@.≈.## ##○..
°.###++##.##..$#§§§## ##..
.###..###).#+###§§§# #°.
.####°.###...#.≈§§## ##.
'#..#°°#.###.#.≈§§# #)
.#....°....#.###§.# #○
##....°....# #.&..# ##°
.'......#### #^##'## #..
###...### #^#≈≈≈## ##..


You could see Lom Lobon.

Vanquished Creatures
  A lorocyproca (D)
  A deep elf annihilator (D)
  A mummy priest (D)
  A hydra (D)
  2 centaur warriors (D)
  Sonja (D)
  A deep troll (D)
  A lindwurm (D)
  2 oklob plants (D)
  2 merfolk sirens (D)
  A gargoyle (D)
  7 unseen horrors (D)
  A demonic crawler (D)
  A hellwing (D)
  2 kobold demonologists (D)
  A slime creature (D)
  4 hornets (D)
  Sigmund (D)
  A yak (D)
  13 hogs (D)
  2 redbacks (D)
  3 floating eyes (D)
  7 necrophages (D)
  An ogre (D)
  8 jellies (D)
  Ijyb (D)
67 creatures vanquished.

Vanquished Creatures (collateral kills)
  the Lernaean hydra (D)
  A gargoyle (D)
  2 demonic crawlers (D)
4 creatures vanquished.

Vanquished Creatures (others)
  A demonic crawler (D)
  A hornet (D)
  2 ballistomycete spores (D)
4 creatures vanquished.

Grand Total: 75 creatures vanquished

Notes
Turn   | Place    | Note
-------+----------+-------------------------------------------
     0 | D        | Zeld the Minotaur Berserker began the quest for the Orb.
     0 | D        | Reached XP level 1. HP: 19/19 MP: 0/0
     2 | D        | Noticed Ijyb
     3 | D        | Paralysed by Ijyb for 2 turns
    12 | D        | Killed Ijyb
    13 | D        | Reached skill level 5 in Fighting
    13 | D        | Reached skill level 5 in Axes
    13 | D        | Reached XP level 2. HP: 29/29 MP: 1/1
    43 | D        | Noticed an ogre
    46 | D        | Killed an ogre
    47 | D        | Reached XP level 3. HP: 33/39 MP: 2/2
    47 | D        | Reached XP level 4. HP: 40/47 MP: 3/3
   281 | D        | Noticed Sigmund
   287 | D        | Killed Sigmund
   287 | D        | Reached ** piety under Trog
   288 | D        | Reached skill level 5 in Dodging
   288 | D        | Reached XP level 5. HP: 57/57 MP: 4/4
   288 | D        | Reached XP level 6. HP: 63/63 MP: 5/5
   356 | D        | Found a burning altar of Makhleb.
   356 | D        | Found a viscous altar of Jiyva.
   356 | D        | Found a shimmering altar of Xom.
   356 | D        | Found a corrupted altar of Lugonu.
   356 | D        | Noticed a slime creature
   364 | D        | Killed a slime creature
   365 | D        | Reached skill level 10 in Fighting
   365 | D        | Reached skill level 10 in Axes
   478 | D        | Noticed a kobold demonologist
   478 | D        | Noticed a floating eye
   478 | D        | Noticed a kobold demonologist
   481 | D        | Noticed a sixfirhy
   482 | D        | Killed a floating eye
   483 | D        | Reached XP level 7. HP: 73/73 MP: 6/6
   484 | D        | Killed a kobold demonologist
   484 | D        | Reached *** piety under Trog
   486 | D        | Killed a kobold demonologist
   487 | D        | Reached skill level 5 in Evocations
   487 | D        | Reached XP level 8. HP: 83/83 MP: 7/7
   519 | D        | Found an ornate altar of the Wu Jian Council.
   519 | D        | Found a shimmering blue altar of Sif Muna.
   521 | D        | Found a radiant altar of Vehumet.
   556 | D        | Found Lumos's Armour Emporium.
   556 | D        | Found an ancient bone altar of Kikubaaqudgha.
   556 | D        | Found a hazy altar of Hepliaklqana.
   556 | D        | Found a hide-covered altar of Uskayaw.
   556 | D        | Found a basalt altar of Yredelemnul.
   556 | D        | Found an opulent altar of Gozag.
   556 | D        | Found a snail-covered altar of Cheibriados.
   556 | D        | Found a sacrificial altar of Ru.
   556 | D        | Found a shadowy altar of Dithmenos.
   557 | D        | Found a stormy altar of Qazlal.
   557 | D        | Found a blossoming altar of Fedhas.
   557 | D        | Found a bloodstained altar of Trog.
   557 | D        | Found an iron altar of Okawaru.
   557 | D        | Found a glowing golden altar of the Shining One.
   557 | D        | Found a glowing silver altar of Zin.
   557 | D        | Found a white marble altar of Elyvilon.
   561 | D        | Reached **** piety under Trog
   563 | D        | Found a sparkling altar of Nemelex Xobeh.
   614 | D        | Noticed Sonja
   621 | D        | Killed Sonja
   994 | D        | Noticed a deep troll
  1005 | D        | Killed a deep troll
  1006 | D        | Reached skill level 10 in Armour
  1006 | D        | Reached XP level 9. HP: 17/94 MP: 8/8
  1038 | D        | Found Urisaf's Armour Emporium.
  1162 | D        | Found Tussalyeve's Antique Weapon Boutique.
  1170 | D        | Bought a runed war axe for 169 gold pieces
  1329 | D        | Noticed a centaur warrior
  1329 | D        | Noticed a centaur warrior
  1334 | D        | Killed a centaur warrior
  1336 | D        | Killed a centaur warrior
  1337 | D        | Reached skill level 15 in Fighting
  1337 | D        | Reached skill level 15 in Axes
  1337 | D        | Reached skill level 10 in Dodging
  1438 | D        | Reached ***** piety under Trog
  1628 | D        | Noticed an oklob plant
  1632 | D        | Killed an oklob plant
  1633 | D        | Reached XP level 10. HP: 88/106 MP: 9/9
  1759 | D        | Paralysed by a floating eye for 2 turns
  1771 | D        | Received a gift from Trog
  1774 | D        | Reached ****** piety under Trog
  1826 | D        | Received a gift from Trog
  1970 | D        | Found Eceptaig's Antique Armour Shoppe.
  1971 | D        | Found Namoxium's Armour Boutique.
  1971 | D        | Found Besaja's Assorted Antiques.
  1971 | D        | Found Utinn's Book Emporium.
  1972 | D        | Found Kocar's Antique Armour Boutique.
  1974 | D        | Found Ceugoe's Antique Weapon Emporium.
  1990 | D        | Found Wegroc's Assorted Antiques.
  1990 | D        | Found Sularauw's Book Shop.
  1990 | D        | Found Empo's Assorted Antiques.
  1990 | D        | Found Simmuahi's Weapon Boutique.
  1990 | D        | Found Gouj's Antique Armour Emporium.
  1990 | D        | Found Furchuese's Magic Scroll Shop.
  1990 | D        | Found Xaxuiqo's Antique Armour Shoppe.
  1993 | D        | Bought a brightly glowing plate armour for 644 gold pieces
  1993 | D        | Identified the +9 plate armour "Emiucal" {Harm *Corrode
                  | Str+4 Dex-3} (You bought it in a shop in the Dungeon)
  1994 | D        | Bought a scroll of blinking for 165 gold pieces
  1996 | D        | Found Metur's Distillery.
  1997 | D        | Bought a yellow potion for 14 gold pieces
  2002 | D        | Bought a scroll of blinking for 97 gold pieces
  2002 | D        | Bought a scroll of blinking for 97 gold pieces
  2002 | D        | Bought a scroll of blinking for 97 gold pieces
  2002 | D        | Bought a scroll of summoning for 123 gold pieces
  2002 | D        | Bought a scroll of summoning for 123 gold pieces
  2002 | D        | Bought a scroll of fear for 45 gold pieces
  2004 | D        | Bought a potion of curing for 33 gold pieces
  2004 | D        | Bought a potion of curing for 33 gold pieces
  2004 | D        | Bought a potion of curing for 33 gold pieces
  2060 | D        | Noticed a gargoyle
  2079 | D        | Killed a gargoyle
  2340 | D        | Noticed a lorocyproca
  2356 | D        | Killed a lorocyproca
  2356 | D        | Received a gift from Trog
  2357 | D        | Reached XP level 11. HP: 117/117 MP: 0/10
  2460 | D        | Noticed a lindwurm
  2466 | D        | Killed a lindwurm
  2579 | D        | Received a gift from Trog
  2687 | D        | Noticed a daeva
  2696 | D        | Received a gift from Trog
  3159 | D        | Noticed a 12-headed hydra
  3161 | D        | Paralysed by a floating eye for 3 turns
  3166 | D        | Killed an 11-headed hydra
  3167 | D        | Reached skill level 10 in Evocations
  3617 | D        | Bought a potion of heal wounds for 55 gold pieces
  3617 | D        | Bought a potion of haste for 110 gold pieces
  3617 | D        | Bought 2 potions of invisibility for 176 gold pieces
  3619 | D        | Bought a potion of flight for 33 gold pieces
  3621 | D        | Bought a scroll of identify for 26 gold pieces
  3621 | D        | Bought a scroll of identify for 26 gold pieces
  3621 | D        | Bought a scroll of silence for 97 gold pieces
  4344 | D        | Noticed a deep elf annihilator
  4373 | D        | Killed a deep elf annihilator
  4382 | D        | Received a gift from Trog
  4383 | D        | Paralysed by a hornet for 3 turns
  4394 | D        | Noticed a mummy priest
  4487 | D        | Noticed an oklob plant
  4687 | D        | Killed a mummy priest
  4690 | D        | Killed an oklob plant
  4691 | D        | Reached XP level 12. HP: 132/132 MP: 11/11
  4861 | D        | Noticed the 27-headed Lernaean hydra
  4866 | D        | Killed the 25-headed Lernaean hydra
  5160 | D        | Noticed a deep elf master archer
  5891 | D        | Noticed Lom Lobon
  5907 | D        | Killed from afar by Lom Lobon

Illustrated notes

Levels and vault maps discovered:
D:        dungeon_sprint_1 [red_sonja_temple_1, red_sonja_temple_small_1]

Skill      XL: |  1  2  3  4  5  6  7  8  9 10 11 12 |
---------------+-------------------------------------+-----
Fighting       | 5 7 9 10 12 13 15 17 19 20 | 20.2
Axes           | 5 7 9 10 12 14 15 17 19 20 | 20.2
Armour         | 3 4 6 7 8 10 11 12 14 | 14.7
Dodging        | 3 4 5 6 7 9 10 11 13 | 13.6
Evocations     | 2 4 5 6 7 9 10 | 10.9

Action                   |  1- 3 |  4- 6 |  7- 9 | 10-12 || total
-------------------------+-------+-------+-------+-------++-------
Melee: Hand axe          |     9 |    12 |    22 |       ||    43
       Headbutt          |     1 |     4 |     8 |    31 ||    44
       Punch             |       |       |     1 |       ||     1
       War axe           |       |       |    12 |    34 ||    46
       Battleaxe         |       |       |       |    89 ||    89
Invok: Berserk           |     2 |     3 |     3 |     4 ||    12
       Brothers in Arms  |       |       |       |     3 ||     3
       Trog's Hand       |       |       |       |     1 ||     1
Evoke: Wand              |       |       |     1 |       ||     1
  Use: Scroll            |       |       |       |     7 ||     7
       Potion            |       |       |       |     1 ||     1
 Stab: Paralysed         |       |       |     3 |       ||     3
       Sleeping          |       |       |       |     1 ||     1
Armor: Animal skin       |       |       |     7 |     5 ||    12
       Plate armour      |       |       |       |   158 ||   158
Dodge: Dodged            |     1 |     2 |    15 |    83 ||   101
